 Dungeon Sprint DCSS version 0.26-a0-1132-ge9770dfcb6 (webtiles) character file.

Game seed: 4767741908718149040

4357955 rocky1 the Petrodigitator (level 23, 175/175 HPs)
             Began as a Gargoyle Earth Elementalist on Dec 21, 2020.
             Was the Champion of Sif Muna.
             Escaped with the Orb
             ... and 3 runes!
             The game lasted 02:28:12 (15346 turns).

rocky1 the Petrodigitator (GrEE)                   Turns: 15346, Time: 02:28:12

Health: 175/175    AC: 44    Str: 11    XL:     23   Next: 60%
Magic:  32/54      EV: 31    Int: 29    God:    Sif Muna [******]
Gold:   204        SH: 31    Dex: 14    Spells: 34/76 levels left

rFire    + + +     SeeInvis .   a - staff of fire
rCold    + + +     Faith    .   o - +2 tower shield
rNeg     + + +     Spirit   .   Q - +2 robe {Archmagi}
rPois    ∞         Reflect  +   W - +2 helmet {Int+3}
rElec    +         Harm     .   F - +4 dragonskin cloak
rCorr    +         Rampage  .   w - +4 pair of gloves
Will     +....     NoTele   +   m - +2 pair of boots {run}
Stlth    +++.......             j - amulet "Tuvara" {Reflect Str-3 Dex+9 SH+5}
HPRegen  0.39/turn              I - ring of Ruixas {+Fly rF+++ rC+ rN+ Dex-5}
MPRegen  0.34/turn              s - ring "Nifraobb" {+Fly rC+++ Int+2}

@: quick
A: big wings, talons 1, negative energy resistance 1, screaming 1, electricity
resistance, unbreathing, petrification resistance, miasma immunity, AC +17
0: Orb of Zot
}: 3/3 runes: silver, golden, iron
a: Fly, Renounce Religion, Channel Magic, Forget Spell, Divine Exegesis


You escaped.
You worshipped Sif Muna.
Sif Muna was exalted by your worship.
You visited 1 branch You collected 204 gold pieces.

Inventory:

Hand Weapons
 c - a +9 eudemon blade of holy wrath
Missiles
 M - 191 stones
Armour
 m - a +2 pair of boots of running (worn)
 o - a +2 tower shield (worn)
 w - a +4 pair of gloves (worn)
 F - the +4 dragonskin cloak (worn)
   (You took it off Tiamat in the Dungeon)
 Q - a +2 robe of the Archmagi (worn)
 W - a +2 helmet of intelligence (worn)
Magical Staves
 a - an uncursed staff of fire (weapon)
 b - an uncursed staff of earth
Jewellery
 j - the amulet "Tuvara" (around neck) {Reflect Str-3 Dex+9 SH+5}
   (You found it in the Dungeon)

   [amulet of reflection]

   It shields you and reflects attacks.
   It affects your strength (-3).
   It affects your dexterity (+9).
   It affects your SH (+5).
 s - the ring "Nifraobb" (right hand) {+Fly rC+++ Int+2}
   (You found it in the Dungeon)

   [ring of flight]

   It affects your intelligence (+2).
   It renders you almost immune to cold.
   It lets you fly.
 I - the ring of Ruixas (left hand) {+Fly rF+++ rC+ rN+ Dex-5}
   (You found it in the Dungeon)

   [ring of positive energy]

   It affects your dexterity (-5).
   It renders you almost immune to fire.
   It protects you from cold.
   It protects you from negative energy.
   It lets you fly.
Scrolls
 i - 2 scrolls of identify
 k - a scroll of summoning
 l - a scroll of remove curse
 u - a scroll of holy word
Potions
 d - 18 potions of curing
 e - 18 potions of heal wounds
 f - 12 potions of haste
 g - 2 potions of magic
 h - 3 potions of berserk rage
 p - 5 potions of might
 x - 2 potions of ambrosia
 B - 8 potions of brilliance
 C - 4 potions of invisibility
 E - 3 potions of mutation


   Skills:
 O Level 27 Fighting
 - Level 12.0 Long Blades
 - Level 12.3(13.3) Maces & Flails
 - Level 11.0(12.0) Polearms
 - Level 8.9(13.6) Staves
 O Level 27 Armour
 O Level 27 Dodging
 O Level 27 Stealth
 O Level 27 Shields
 O Level 27 Spellcasting
 O Level 27 Conjurations
 + Level 14.9 Translocations
 + Level 10.0 Transmutations
 O Level 27 Fire Magic
 + Level 11.6 Ice Magic
 O Level 27 Earth Magic
 + Level 20.9 Invocations


You had 34 spell levels left.
You knew the following spells:

 Your Spells              Type           Power        Failure   Level
a - Sandblast             Erth           100%         0%          1
b - Stone Arrow           Conj/Erth      100%         0%          3
c - Lee's Rapid Deconstr  Erth           69%          0%          5
d - Fireball              Conj/Fire      82%          0%          5
e - Lehudib's Crystal Sp  Conj/Erth      69%          1%          8
f - Fire Storm            Conj/Fire      82%          1%          9
g - Iron Shot             Conj/Erth      69%          0%          6
h - Blink                 Tloc           N/A          0%          2
i - Ozocubu's Armour      Ice            100%         0%          3

Your spell library contained the following spells:

 Spells                   Type           Power        Failure   Level
 Apportation              Tloc           100%         0%          1
 Beastly Appendage        Tmut           100%         0%          1
 Foxfire                  Conj/Fire      100%         0%          1
 Freeze                   Ice            100%         0%          1
 Magic Dart               Conj           100%         0%          1
 Shock                    Conj/Air       100%         0%          1
 Passwall                 Tmut/Erth      100%         0%          2
 Searing Ray              Conj           100%         0%          2
 Wereblood                Tmut           98%          0%          2
 Conjure Flame            Conj/Fire      100%         0%          3
 Dazzling Flash           Conj/Hex       100%         0%          3
 Frozen Ramparts          Ice            100%         0%          3
 Gell's Gravitas          Tloc           56%          0%          3
 Ignite Poison            Fire/Tmut/Pois 100%         0%          3
 Inner Flame              Hex/Fire       100%         0%          3
 Lesser Beckoning         Tloc           56%          0%          3
 Static Discharge         Conj/Air       100%         0%          3
 Teleport Other           Tloc           100%         0%          3
 Hailstorm                Conj/Ice       100%         0%          4
 Iskenderun's Mystic Bla  Conj/Tloc      100%         0%          4
 Passage of Golubria      Tloc           N/A          0%          4
 Petrify                  Tmut/Erth      100%         0%          4
 Sticky Flame             Conj/Fire      100%         0%          4
 Bolt of Magma            Conj/Fire/Erth 82%          0%          5
 Irradiate                Conj/Tmut      60%          0%          5
 Iskenderun's Battlesphe  Conj           100%         0%          5
 Starburst                Conj/Fire      82%          0%          6
 Orb of Destruction       Conj           69%          0%          7
 Animate Skeleton         Necr           100%         1%          1
 Corona                   Hex            62%          1%          1
 Pain                     Necr           100%         1%          1
 Sting                    Tmut/Pois      100%         1%          1
 Summon Small Mammal      Summ           100%         1%          1
 Call Imp                 Summ           56%          1%          2
 Corpse Rot               Necr/Air       N/A          1%          2
 Ensorcelled Hibernation  Hex/Ice        100%         1%          2
 Poisonous Vapours        Pois/Air       100%         1%          2
 Slow                     Hex            56%          1%          2
 Swiftness                Air            56%          1%          2
 Call Canine Familiar     Summ           56%          1%          3
 Confusing Touch          Hex            56%          1%          3
 Mephitic Cloud           Conj/Pois/Air  95%          1%          3
 Portal Projectile        Hex/Tloc       100%         1%          3
 Spider Form              Tmut/Pois      40%          1%          3
 Summon Guardian Golem    Hex/Summ       56%          1%          3
 Tukima's Dance           Hex            56%          1%          3
 Vampiric Draining        Necr           28%          1%          3
 Fulminant Prism          Conj/Hex       54%          1%          4
 Ice Form                 Ice/Tmut       100%         1%          4
 Leda's Liquefaction      Hex/Erth       54%          1%          4
 Summon Ice Beast         Ice/Summ       83%          1%          4
 Blade Hands              Tmut           49%          1%          5
 Borgnjor's Vile Clutch   Necr/Erth      54%          1%          5
 Lightning Bolt           Conj/Air       54%          1%          5
 Metabolic Englaciation   Hex/Ice        41%          1%          5
 Summon Forest            Summ/Tloc      44%          1%          5
 Conjure Ball Lightning   Conj/Air       54%          1%          6
 Dispersal                Tloc           56%          1%          6
 Freezing Cloud           Conj/Ice/Air   53%          1%          6
 Hydra Form               Tmut           49%          1%          6
 Ozocubu's Refrigeration  Ice            51%          1%          6
 Ignition                 Fire           82%          1%          8
 Shatter                  Erth           69%          1%          9
 Alistair's Intoxication  Tmut/Pois      53%          2%          5
 Yara's Violent Unravell  Hex/Tmut       40%          2%          5
 Spellforged Servitor     Conj/Summ      54%          2%          7
 Airstrike                Air            28%          6%          4
 Animate Dead             Necr           28%          6%          4
 Cause Fear               Hex            28%          6%          4
 Dispel Undead            Necr           56%          6%          4
 Olgreb's Toxic Radiance  Pois           56%          6%          4
 Summon Lightning Spire   Summ/Air       56%          6%          4
 Dragon Form              Tmut           49%          9%          7
 Simulacrum               Ice/Necr       41%          10%         6
 Disjunction              Tloc           56%          10%         8
 Eringya's Noxious Bog    Tmut/Pois      40%          13%         6
 Chain Lightning          Conj/Air       54%          17%         8
 Agony                    Necr           56%          19%         5
 Excruciating Wounds      Necr           28%          19%         5
 Silence                  Hex/Air        28%          19%         5
 Summon Demon             Summ           28%          19%         5
 Summon Mana Viper        Hex/Summ       56%          19%         5
 Malign Gateway           Summ/Tloc      44%          26%         7
 Death Channel            Necr           28%          69%         6
 Invisibility             Hex            56%          69%         6
 Shadow Creatures         Summ           N/A          69%         6
 Haunt                    Necr/Summ      28%          99%         7
 Monstrous Menagerie      Summ           28%          99%         7
 Summon Greater Demon     Summ           28%          99%         7
 Summon Hydra             Summ           28%          99%         7
 Necromutation            Tmut/Necr      40%          99%         8
 Absolute Zero            Ice            51%          99%         9
 Borgnjor's Revivificati  Necr           28%          100%        8
 Discord                  Hex            28%          100%        8
 Infestation              Necr           28%          100%        8
 Summon Horrible Things   Summ           28%          100%        8
 Death's Door             Necr           28%          100%        9
 Dragon's Call            Summ           28%          100%        9
 Tornado                  Air            28%          100%        9
 Sublimation of Blood     Necr           Unusable     N/A         2
 Statue Form              Tmut/Erth      Unusable     N/A         6

Dungeon Overview and Level Annotations

Branches:
Dungeon (1/1)

Altars:
Ashenzari
Cheibriados
Dithmenos
Elyvilon
Fedhas
Gozag
Hepliaklqana
Kikubaaqudgha
Makhleb
Nemelex Xobeh
Okawaru
Qazlal
Ru
Sif Muna
Trog
Uskayaw
Vehumet
Wu Jian
Xom
Yredelemnul
Zin
The Shining One
Beogh
Jiyva
Lugonu


Innate Abilities, Weirdness & Mutations

You are resistant to torment.
Your stone body is resilient. (AC +17)
You are immune to poison.
Your large and strong wings let you fly indefinitely.
You resist negative energy. (rN+)
You are resistant to electric shocks. (rElec)
You can survive without breathing.
You are immune to petrification.
You are immune to miasma.
You have sharp toenails.
You occasionally shout uncontrollably at your foes.


Message History

You open the huge gate.
There is a huge open gate to the Grid Vault (Hard) here.
There is a huge open gate to the Grid Vault (Hard) here.
A green death comes into view.
The green death gestures at you.
The bolt of poison hits you but does no damage.
You resist.
Casting: Lehudib's Crystal Spear (mildly dangerous; 1% risk of failure)
Confirm with . or Enter, or press ? or * to list all spells.
Aiming: Lehudib's Crystal Spear (mildly dangerous; 1% risk of failure)
Press: ? - help, Shift-Dir - straight line, f - green death
Aim: a green death (9% to evade)
You feel a surge of power!
The crystal spear hits the green death!!!!
You kill the green death!
Sif Muna accepts your kill.
Your Transmutations skill increases to level 10!
There is an open door to the Entrance Hall (Safe) here.
There is a staircase leading out of the dungeon here.
You have escaped!

##########.##................''..
#...........'................''..
#'#####'#####......#..#......##..
#.#..#)...)##................##..
#.#))#####'#####'#####''#########
#.#))#.....##.......##''#########
#.#))#.....##.......##......#...+
#.#.[###)####.......##....###...#
#.##'#.....##...@...##...##.'.))+
#.#........##.......##..##..##)##
#.#........##.......##..#..##.).#
#)###########.......##..#..#.....
#)).....#..*##########..'..'.....
#...#...#.############..#..#.....
#...#...#)#....#..[.##..#..##...#
#.##.##.#)#....#..[.##.)##.)##'##
#...#...#.'....'.).)##.))##.+...'


There were no monsters in sight!

Vanquished Creatures
  Ereshkigal (D)
  Dissolution (D)
  Lom Lobon (D)
  Tiamat (D)
  2 orbs of fire (D)
  Mara (D)
  4 ancient liches (D)
  6 royal mummies (D)
  Boris (D)
  the Lernaean hydra (D)
  4 pandemonium lords (D)
  Geryon (D)
  3 curse toes (D)
  Xtahua (D)
  Margery (D)
  2 Killer Klowns (D)
  A golden dragon (D)
  A profane servitor (D)
  Nikola (D)
  2 bone dragons (D)
  3 Tzitzimimeh (D)
  6 Brimstone Fiends (D)
  6 pearl dragons (D)
  4 electric golems (D)
  2 Hell Sentinels (D)
  A hellephant (D)
  An Ice Fiend (D)
  4 liches (D)
  5 tentacled monstrosities (D)
  15 titans (D)
  27 Orb Guardians (D)
  A quicksilver dragon (D)
  2 deep elf master archers (D)
  Murray (D)
  An Executioner (D)
  3 death cobs (D)
  2 shadow dragons (D)
  Frances (D)
  2 storm dragons (D)
  Agnes (D)
  An azure jelly (D)
  14 frost giants (D)
  2 daevas (D)
  5 nagarajas (D)
  14 fire giants (D)
  4 iron dragons (D)
  3 ghost moths (D)
  An emperor scorpion (D)
  3 deep elf sorcerers (D)
  Louise (D)
  3 balrugs (D)
  2 orc warlords (D)
  A draconian scorcher (D)
  2 ghouls (D)
  An angel (D)
  2 draconian annihilators (D)
  A reaper (D)
  13 stone giants (D)
  2 deep elf demonologists (D)
  2 apis (D)
  5 vampire knights (D)
  A dire elephant (D)
  2 white draconians (D)
  3 green draconians (D)
  A lorocyproca (D)
  3 yellow draconians (D)
  4 purple draconians (D)
  A black draconian (D)
  3 minotaurs (D)
  A red draconian (D)
  A deep elf annihilator (D)
  4 blizzard demons (D)
  2 fire dragons (D)
  2 eidola (D)
  2 mummy priests (D)
  14 ettins (D)
  3 deep elf death magi (D)
  3 death oozes (D)
  5 green deaths (D)
  2 deep elf high priests (D)
  2 yaktaur captains (D)
  Erolcha (D)
  4 vault guards (D)
  2 catoblepae (D)
  2 hell beasts (D)
  2 spriggan air magi (D)
  4 merfolk avatars (D)
  An ice dragon (D)
  2 naga warriors (D)
  An anaconda (D)
  A centaur warrior (D)
  An alligator (D)
  A dancing weapon (D)
  4 ogre magi (D)
  2 death yaks (D)
  2 deep troll shamans (D)
  8 vampire magi (D)
  A soul eater (D)
  2 spriggans (D)
  A deep elf knight (D)
  A sixfirhy (D)
  2 sun demons (D)
  4 iron trolls (D)
  A hell knight (D)
  A fire crab (D)
  A sea snake (D)
  2 unseen horrors (D)
  A death drake (shapeshifter) (D)
  A cherub (D)
  3 large abominations (D)
  12 skeletal warriors (D)
  6 flayed ghosts (D)
  A wizard (D)
  2 lindwurms (D)
  A wolf spider (D)
  13 orc knights (D)
  2 phantasmal warriors (D)
  3 deep elf magi (D)
  An ugly thing (D)
  9 harpies (D)
  16 cyclopes (D)
  A salamander (shapeshifter) (D)
  2 rust devils (D)
  A guardian serpent (D)
  2 eyes of devastation (D)
  Joseph (D)
  2 naga magi (D)
  3 gargoyles (D)
  An efreet (D)
  7 yaktaurs (D)
  2 hellions (D)
  A komodo dragon (D)
  2 guardian mummies (D)
  A red devil (D)
  A tormentor (D)
  A polar bear (D)
  4 jumping spiders (D)
  A wind drake (D)
  2 hornets (D)
  A troll (D)
  A wandering mushroom (D)
  5 blink frogs (D)
  Sigmund (D)
  6 redbacks (D)
  A water elemental (D)
  2 air elementals (D)
  7 vampires (D)
  3 wraiths (D)
  Eustachio (D)
  A fire bat (D)
  3 fire elementals (D)
  A golden eye (D)
  A chaos spawn (D)
  4 vampire mosquitoes (D)
  2 soldier ants (D)
  2 floating eyes (D)
  6 orc warriors (D)
  3 sky beasts (D)
  3 eyes of draining (D)
  A phantom (D)
  A necrophage (D)
  An ogre (D)
  3 centaurs (D)
  4 wights (D)
  2 quasits (D)
  2 orc priests (D)
  A hound (D)
  5 orc wizards (D)
  2 hell rats (D)
  A worker ant (shapeshifter) (D)
  A worker ant (D)
  2 white imps (D)
  An ooze (D)
  2 adder skeletons (D)
  2 adder zombies (D)
  A leopard gecko (D)
  8 orcs (D)
  2 bats (D)
  2 bat skeletons (D)
  2 bat zombies (D)
  A giant cockroach (D)
  A quokka (D)
  A ball python (D)
  A ball python simulacrum (D)
  5 bat simulacra (D)
  2 frilled lizards (D)
  A giant cockroach simulacrum (D)
  A jackal simulacrum (D)
  A jackal skeleton (D)
  4 kobolds (D)
  2 leopard gecko simulacra (D)
  A leopard gecko zombie (D)
  2 quokka simulacra (D)
  2 quokka zombies (D)
  A rat (D)
  A block of ice (D)
  5 fire vortices (D)
557 creatures vanquished.

Vanquished Creatures (collateral kills)
  Frederick (D)
  A yellow draconian (D)
  A bat simulacrum (D)
  A giant cockroach simulacrum (D)
4 creatures vanquished.

Vanquished Creatures (others)
  An acid blob (D)
  A large abomination (D)
  An adder skeleton (D)
  A bat simulacrum (D)
  3 ball lightnings (D)
  126 fire vortices (D)
133 creatures vanquished.

Grand Total: 694 creatures vanquished

Notes
Turn   | Place    | Note
-------+----------+-------------------------------------------
     0 | D        | rocky1 the Gargoyle Earth Elementalist began the quest for
                  | the Orb.
     0 | D        | Reached XP level 1. HP: 10/10 MP: 3/3
    47 | D        | Found a bloodstained altar of Trog.
    47 | D        | Found a shimmering blue altar of Sif Muna.
    47 | D        | Found a viscous altar of Jiyva.
    47 | D        | Found a hazy altar of Hepliaklqana.
    47 | D        | Found an opulent altar of Gozag.
    48 | D        | Found a glowing golden altar of the Shining One.
    48 | D        | Found a glowing silver altar of Zin.
    48 | D        | Found a basalt altar of Yredelemnul.
    48 | D        | Found a shimmering altar of Xom.
    48 | D        | Found an ornate altar of the Wu Jian Council.
    48 | D        | Found a sacrificial altar of Ru.
    48 | D        | Found a stormy altar of Qazlal.
    48 | D        | Found an iron altar of Okawaru.
    48 | D        | Found a sparkling altar of Nemelex Xobeh.
    48 | D        | Found a burning altar of Makhleb.
    48 | D        | Found a blossoming altar of Fedhas.
    48 | D        | Found a white marble altar of Elyvilon.
    48 | D        | Found a shadowy altar of Dithmenos.
    48 | D        | Found a snail-covered altar of Cheibriados.
    51 | D        | Found a corrupted altar of Lugonu.
    51 | D        | Found a radiant altar of Vehumet.
    51 | D        | Found a roughly hewn altar of Beogh.
    52 | D        | Found an ancient bone altar of Kikubaaqudgha.
    52 | D        | Found a hide-covered altar of Uskayaw.
    52 | D        | Found a broken altar of Ashenzari.
    55 | D        | Became a worshipper of Sif Muna the Loreminder
    71 | D        | Reached skill level 5 in Earth Magic
   103 | D        | Reached * piety under Sif Muna
   112 | D        | Noticed a worker ant
   117 | D        | Reached XP level 2. HP: 12/15 MP: 1/5
   125 | D        | Reached ** piety under Sif Muna
   126 | D        | Reached XP level 3. HP: 14/19 MP: 1/6
   337 | D        | Learned a level 3 spell: Stone Arrow
   351 | D        | Noticed a necrophage
   351 | D        | Noticed a sky beast
   352 | D        | Noticed a fire bat
   356 | D        | Killed a fire bat
   357 | D        | Reached skill level 5 in Spellcasting
   357 | D        | Reached XP level 4. HP: 24/24 MP: 3/11
   357 | D        | Reached XP level 5. HP: 28/28 MP: 3/13
   357 | D        | Reached *** piety under Sif Muna
   367 | D        | Reached XP level 6. HP: 32/32 MP: 1/15
   385 | D        | Killed a necrophage
   386 | D        | Reached **** piety under Sif Muna
   391 | D        | Killed a sky beast
   402 | D        | Learned a level 5 spell: Lee's Rapid Deconstruction
   482 | D        | Noticed a sky beast
   485 | D        | Killed a sky beast
   486 | D        | Reached XP level 7. HP: 36/36 MP: 17/19
   495 | D        | Noticed a deep elf mage
   497 | D        | Killed a deep elf mage
   498 | D        | Reached XP level 8. HP: 15/41 MP: 9/20
   799 | D        | Reached ***** piety under Sif Muna
   799 | D        | Received a gift from Sif Muna
   800 | D        | Reached skill level 1 in Conjurations
   800 | D        | Reached skill level 1 in Invocations
   832 | D        | Noticed an efreet
   838 | D        | Killed an efreet
  1194 | D        | Noticed a sea snake
  1197 | D        | Noticed a polar bear
  1198 | D        | Killed a sea snake
  1199 | D        | Reached XP level 9. HP: 45/45 MP: 6/22
  1201 | D        | Killed a polar bear
  1202 | D        | Reached skill level 5 in Conjurations
  1202 | D        | Reached skill level 5 in Invocations
  1221 | D        | Noticed a rust devil
  1226 | D        | Killed a rust devil
  1227 | D        | Reached skill level 5 in Dodging
  1227 | D        | Reached skill level 10 in Spellcasting
  1228 | D        | Received a gift from Sif Muna
  1229 | D        | Killed an unseen horror
  1468 | D        | Noticed a phantasmal warrior
  1473 | D        | Killed a phantasmal warrior
  1474 | D        | Reached XP level 10. HP: 50/50 MP: 8/24
  1562 | D        | Noticed a sixfirhy
  1564 | D        | Killed a sixfirhy
  1730 | D        | Identified Sif Muna's Collected Works on Conjuration (Sif
                  | Muna gifted it to you in the Dungeon)
  1730 | D        | Received a gift from Sif Muna
  1832 | D        | Noticed a gargoyle
  1833 | D        | Killed a gargoyle
  1847 | D        | Noticed a large abomination
  1849 | D        | Killed a large abomination
  2044 | D        | Noticed a death yak
  2048 | D        | Killed a death yak
  2161 | D        | Received a gift from Sif Muna
  2314 | D        | Noticed a lindwurm
  2317 | D        | Killed a lindwurm
  2318 | D        | Reached XP level 11. HP: 60/60 MP: 10/26
  2400 | D        | Noticed a death yak
  2406 | D        | Killed a death yak
  2407 | D        | Reached skill level 10 in Invocations
  2586 | D        | Noticed a lindwurm
  2591 | D        | Killed a lindwurm
  2591 | D        | Identified Sif Muna's Catalogue of Execration and Combat
                  | Magic (Sif Muna gifted it to you in the Dungeon)
  2591 | D        | Received a gift from Sif Muna
  2592 | D        | Reached skill level 5 in Fighting
  2592 | D        | Reached skill level 5 in Armour
  2762 | D        | Learned a level 5 spell: Fireball
  2765 | D        | Noticed an orc knight
  2769 | D        | Killed an orc knight
  2769 | D        | Killed Eustachio
  2769 | D        | Reached ****** piety under Sif Muna
  2770 | D        | Reached skill level 5 in Maces & Flails
  2770 | D        | Reached skill level 1 in Fire Magic
  2771 | D        | Identified Sif Muna's Advanced Sorcery (Sif Muna gifted it
                  | to you in the Dungeon)
  2771 | D        | Received a gift from Sif Muna
  2913 | D        | Noticed a harpy
  2913 | D        | Noticed a harpy
  2913 | D        | Noticed a harpy
  2913 | D        | Noticed a harpy
  2914 | D        | Killed a harpy
  2914 | D        | Noticed a harpy
  2916 | D        | Killed a harpy
  2917 | D        | Killed a harpy
  2919 | D        | Killed a harpy
  2923 | D        | Killed a harpy
  2926 | D        | Reached skill level 5 in Fire Magic
  3155 | D        | Identified Sif Muna's Disquisition on Supportive
                  | Weightlessness (Sif Muna gifted it to you in the Dungeon)
  3155 | D        | Received a gift from Sif Muna
  3401 | D        | Noticed Sigmund
  3402 | D        | Identified Sif Muna's Papyrus of the Ageless Leylines (Sif
                  | Muna gifted it to you in the Dungeon)
  3402 | D        | Received a gift from Sif Muna
  3403 | D        | Reached XP level 12. HP: 73/73 MP: 21/27
  3405 | D        | Killed Sigmund
  3405 | D        | Noticed Erolcha
  3407 | D        | Noticed Joseph
  3413 | D        | Killed Erolcha
  3414 | D        | Killed Joseph
  3415 | D        | Identified Sif Muna's Guide on Bewitching Conjuration (Sif
                  | Muna gifted it to you in the Dungeon)
  3415 | D        | Received a gift from Sif Muna
  3416 | D        | Reached skill level 10 in Dodging
  3419 | D        | Noticed a death cob
  3420 | D        | Reached skill level 10 in Conjurations
  3426 | D        | Killed a death cob
  3434 | D        | Identified Sif Muna's Almanac of Evil Confrontation (Sif
                  | Muna gifted it to you in the Dungeon)
  3434 | D        | Received a gift from Sif Muna
  3864 | D        | Noticed a death cob
  3866 | D        | Killed a death cob
  3869 | D        | Noticed Frances
  3870 | D        | Identified Sif Muna's Compendium of the Volcanoes and
                  | Arcane Weapons (Sif Muna gifted it to you in the Dungeon)
  3870 | D        | Received a gift from Sif Muna
  3871 | D        | Noticed a merfolk avatar
  3873 | D        | Killed a merfolk avatar
  3876 | D        | Killed Frances
  3877 | D        | Reached XP level 13. HP: 70/78 MP: 12/29
  3888 | D        | Identified the ring "Kolo" {+Fly rElec rF+ Int-5}
  3890 | D        | Identified Sif Muna's Reference Book on Floating Stones
                  | (Sif Muna gifted it to you in the Dungeon)
  3890 | D        | Received a gift from Sif Muna
  3890 | D        | Identified the +9 long sword of Terror {vorpal, rC+ Int+3}
  3890 | D        | Noticed a minotaur
  3899 | D        | Killed a minotaur
  3900 | D        | Reached skill level 10 in Fire Magic
  4142 | D        | Identified Dorghun's Tome of Supportive Poisoning (Sif Muna
                  | gifted it to you in the Dungeon)
  4142 | D        | Received a gift from Sif Muna
  4434 | D        | Noticed a deep elf master archer
  4434 | D        | Noticed a daeva
  4434 | D        | Noticed a green draconian
  4434 | D        | Noticed an eidolon
  4437 | D        | Killed a green draconian
  4437 | D        | Killed a deep elf master archer
  4438 | D        | Killed an eidolon
  4440 | D        | Killed a daeva
  4440 | D        | Received a gift from Sif Muna
  4459 | D        | Got the ring of Akienk {rElec rF- EV+4 Int+3 Stlth+}
  4695 | D        | Noticed Agnes
  4695 | D        | Noticed an emperor scorpion
  4695 | D        | Noticed a balrug
  4696 | D        | Noticed an apis
  4697 | D        | Killed Agnes
  4699 | D        | Noticed a nagaraja
  4700 | D        | Killed a balrug
  4704 | D        | Killed an apis
  4709 | D        | Killed a nagaraja
  4710 | D        | Gained mutation: Your large and strong wings let you fly
                  | indefinitely. [Gargoyle growth]
  4710 | D        | Reached XP level 14. HP: 50/86 MP: 16/32
  4714 | D        | Killed an emperor scorpion
  4714 | D        | Received a gift from Sif Muna
  4728 | D        | Noticed a deep elf demonologist
  4729 | D        | Identified Vosygar's Tome of Bewitchment and Dark Rites
                  | (Sif Muna gifted it to you in the Dungeon)
  4729 | D        | Received a gift from Sif Muna
  4730 | D        | Noticed a balrug
  4732 | D        | Killed a deep elf demonologist
  4737 | D        | Reached skill level 10 in Fighting
  4737 | D        | Reached skill level 10 in Armour
  4949 | D        | Noticed a purple draconian
  4950 | D        | Reached skill level 15 in Spellcasting
  4952 | D        | Killed a purple draconian
  4952 | D        | Identified Sif Muna's Collected Works on Conjuration (Sif
                  | Muna gifted it to you in the Dungeon)
  4952 | D        | Received a gift from Sif Muna
  4953 | D        | Reached skill level 15 in Conjurations
  4954 | D        | Noticed a balrug
  4956 | D        | Killed a balrug
  4957 | D        | Reached skill level 10 in Maces & Flails
  4957 | D        | Noticed a red draconian
  4960 | D        | Killed a red draconian
  4960 | D        | Identified Sif Muna's Volume of Fire (Sif Muna gifted it to
                  | you in the Dungeon)
  4960 | D        | Received a gift from Sif Muna
  5143 | D        | Identified the +8 halberd of Dishonesty {flame, Int+2}
  5143 | D        | Noticed a deep elf sorcerer
  5155 | D        | Killed a deep elf sorcerer
  5292 | D        | Noticed a frost giant
  5292 | D        | Noticed a shadow dragon
  5292 | D        | Noticed an electric golem
  5295 | D        | Killed an electric golem
  5297 | D        | Killed a shadow dragon
  5297 | D        | Identified Pehid's Catalogue of Objectivity (Sif Muna
                  | gifted it to you in the Dungeon)
  5297 | D        | Received a gift from Sif Muna
  5298 | D        | Reached XP level 15. HP: 44/96 MP: 9/34
  5298 | D        | Noticed a balrug
  5300 | D        | Killed a frost giant
  5302 | D        | Killed a balrug
  5670 | D        | Identified a +2 pair of boots of running (You found it in
                  | the Dungeon)
  5810 | D        | Learned a level 8 spell: Lehudib's Crystal Spear
  5817 | D        | Noticed an orc warlord
  5831 | D        | Identified Sif Muna's Reference Book on Creation (Sif Muna
                  | gifted it to you in the Dungeon)
  5831 | D        | Received a gift from Sif Muna
  5831 | D        | Noticed an orc warlord
  5834 | D        | Killed an orc warlord
  5842 | D        | Killed an orc warlord
  5850 | D        | Identified Sif Muna's Collected Works on Warped Envenoming
                  | (Sif Muna gifted it to you in the Dungeon)
  5850 | D        | Received a gift from Sif Muna
  5920 | D        | Identified Sif Muna's Handbook of Battle Magic and the
                  | Entourage (Sif Muna gifted it to you in the Dungeon)
  5920 | D        | Received a gift from Sif Muna
  6211 | D        | Got the +2 cloak "Dybidd" {rN+}
  6332 | D        | Received a gift from Sif Muna
  6334 | D        | Reached skill level 1 in Shields
  6335 | D        | Noticed a yellow draconian scorcher
  6339 | D        | Reached skill level 15 in Fire Magic
  6340 | D        | Killed a yellow draconian scorcher
  6348 | D        | Identified Sif Muna's Catalogue of Creative Transmutation
                  | (Sif Muna gifted it to you in the Dungeon)
  6348 | D        | Received a gift from Sif Muna
  6349 | D        | Killed a lich
  6350 | D        | Reached skill level 5 in Shields
  6350 | D        | Killed a deep elf sorcerer
  6363 | D        | Reached XP level 16. HP: 75/104 MP: 5/37
  6363 | D        | Identified Sif Muna's Incunabulum of Sinister Arcane
                  | Weapons (Sif Muna gifted it to you in the Dungeon)
  6363 | D        | Received a gift from Sif Muna
  6486 | D        | Noticed a nagaraja
  6490 | D        | Killed a nagaraja
  6495 | D        | Noticed a bone dragon
  6497 | D        | Noticed a storm dragon
  6498 | D        | Killed a bone dragon
  6501 | D        | Killed a storm dragon
  6587 | D        | Identified Qatil's Catalogue of Cold and Clay (Sif Muna
                  | gifted it to you in the Dungeon)
  6587 | D        | Received a gift from Sif Muna
  6641 | D        | Reached skill level 10 in Shields
  6695 | D        | Got Jowocud's Papyrus of Translocation and Unholy Arts
  6709 | D        | Got the Compendium of Ashen Unholy Magic
  6723 | D        | Got the Volume of Clay and the Birds
  6796 | D        | Learned a level 9 spell: Fire Storm
  6803 | D        | Learned a level 6 spell: Iron Shot
  6855 | D        | Got the amulet of Decutt {RegenMP rPois Str+6 Dex-4 Stlth+}
  6857 | D        | Got the amulet of Joiz {Reflect Str+4 Slay+4 SH+5}
  6859 | D        | Got the ring "Bair" {+Blink rF+ rN+ Str+2 Slay+5}
  6861 | D        | Got the amulet "Kujyodude" {*Contam rC+ Regen+ Int+4}
  6864 | D        | Got the ring "Byten" {rPois rN+}
  6867 | D        | Got the ring of Circularity {rN+ Dex+3 Slay+5}
  6869 | D        | Got the amulet "Bosu" {rN+ Regen+ Slay+5}
  6871 | D        | Got the ring "Gejuru Erue" {*Drain rPois Int+5 Slay+5}
  6873 | D        | Got the amulet of Nehiugem {Faith Str+4 SInv}
  6876 | D        | Got the ring "Dibboaji" {Dex+4 Slay+4}
  6878 | D        | Got the amulet of Uphoowulo {*Contam +Fly Regen+ Str+4}
  6883 | D        | Got the amulet "Gefoxt" {Spirit *Corrode rF+ MP+9 Int+4}
  6885 | D        | Got the amulet "Yzolir" {Regen+ Str+2 Stlth+}
  6888 | D        | Got the amulet of the Lizard {Reflect *Corrode rElec rN+
                  | Int+5 SH+5}
  6930 | D        | Got the ring "Urogeq" {Fire Str+4 Int+4}
  6932 | D        | Got the ring of Ruixas {+Fly rF+++ rC+ rN+ Dex-5}
  6934 | D        | Got the ring of Spring {+Inv rElec rF+ rN+}
  6936 | D        | Got the ring of Hogu {Ice rN+ Int+3}
  6938 | D        | Got the ring of the Zebra {+Blink rPois Will+ Str-5 Int+8}
  6941 | D        | Got the ring "Cougurgh" {Fire rElec Will- Int-2 Dex+8}
  6943 | D        | Got the ring "Nithin" {Fire Str+5}
  6945 | D        | Got the ring "Peicur" {rElec rPois Int-4 Dex+6 Stlth+}
  6949 | D        | Got the ring "Wunur" {rN+ Dex+3}
  6951 | D        | Got the ring of Masol {rN+ Int+4 Slay+2}
  6954 | D        | Got the ring "Qonkuit" {rN+ Str+4 SInv}
  6956 | D        | Got the ring "Xiac Voa" {+Fly rElec rC+ rN+ Str+4 Stlth-}
  6958 | D        | Got the ring of the Invisible Hand {Fire rElec Int+4}
  7108 | D        | Noticed a lich
  7109 | D        | Identified Sif Muna's Almanac of Beguiling and Attacks (Sif
                  | Muna gifted it to you in the Dungeon)
  7109 | D        | Received a gift from Sif Muna
  7109 | D        | Killed a lich
  7110 | D        | Identified Hareblecla's Tome of Enthralling Stones (Sif
                  | Muna gifted it to you in the Dungeon)
  7110 | D        | Received a gift from Sif Muna
  7110 | D        | Identified Sif Muna's Volume of Creation (Sif Muna gifted
                  | it to you in the Dungeon)
  7110 | D        | Received a gift from Sif Muna
  7112 | D        | Received a gift from Sif Muna
  7112 | D        | Received a gift from Sif Muna
  7119 | D        | Received a gift from Sif Muna
  7220 | D        | Received a gift from Sif Muna
  7321 | D        | Got a silver rune of Zot
  7356 | D        | Got the Handbook of Glacial Clay
  7362 | D        | Got the Volume of Glacial Translocation
  7413 | D        | Learned a level 2 spell: Blink
  7417 | D        | Learned a level 3 spell: Ozocubu's Armour
  7642 | D        | Noticed an orb of fire
  7646 | D        | Gained mutation: Scrolls take you a little longer to read.
                  | [an orb of fire]
  7647 | D        | Gained mutation: Your spells are a little easier to cast,
                  | but a little less powerful. [an orb of fire]
  7648 | D        | Gained mutation: Your magical capacity is low. (-10% MP)
                  | [an orb of fire]
  7649 | D        | Killed an orb of fire
  7650 | D        | Lost mutation: Your magical capacity is low. (-10% MP)
                  | [potion of mutation]
  7650 | D        | Lost mutation: Your spells are a little easier to cast, but
                  | a little less powerful. [potion of mutation]
  7650 | D        | Gained mutation: You have sharp toenails. [potion of
                  | mutation]
  7650 | D        | Gained mutation: You expend magic power (3 MP) to
                  | strengthen your wands. [potion of mutation]
  7651 | D        | Lost mutation: Scrolls take you a little longer to read.
                  | [potion of mutation]
  7651 | D        | Lost mutation: You expend magic power (3 MP) to strengthen
                  | your wands. [potion of mutation]
  7651 | D        | Gained mutation: Your spells are a little easier to cast,
                  | but a little less powerful. [potion of mutation]
  7651 | D        | Gained mutation: Your flesh is heat resistant. (rF+)
                  | [potion of mutation]
  7652 | D        | Lost mutation: Your spells are a little easier to cast, but
                  | a little less powerful. [potion of mutation]
  7652 | D        | Lost mutation: Your flesh is heat resistant. (rF+) [potion
                  | of mutation]
  7652 | D        | Gained mutation: You occasionally shout uncontrollably at
                  | your foes. [potion of mutation]
  7652 | D        | Gained mutation: Your spells are a little easier to cast,
                  | but a little less powerful. [potion of mutation]
  7652 | D        | Lost mutation: Your spells are a little easier to cast, but
                  | a little less powerful. [potion of mutation]
  7882 | D        | Noticed a deep elf master archer
  7883 | D        | Killed a deep elf master archer
  7884 | D        | Reached XP level 17. HP: 109/109 MP: 34/40
  7907 | D        | Noticed a Brimstone Fiend
  7909 | D        | Killed a Brimstone Fiend
  7970 | D        | Noticed a Brimstone Fiend
  7972 | D        | Killed a Brimstone Fiend
  7989 | D        | Noticed a bone dragon
  7994 | D        | Killed a bone dragon
  8203 | D        | Noticed Margery
  8206 | D        | Identified Sif Muna's Guide on Enchantment and Sinister
                  | Arts (Sif Muna gifted it to you in the Dungeon)
  8206 | D        | Received a gift from Sif Muna
  8211 | D        | Killed Margery
  8535 | D        | Noticed Nikola
  8539 | D        | Killed Nikola
  8540 | D        | Identified Sif Muna's Collected Works on Sinister Earth
                  | (Sif Muna gifted it to you in the Dungeon)
  8540 | D        | Received a gift from Sif Muna
  8543 | D        | Noticed Geryon
  8544 | D        | Noticed Lom Lobon
  8569 | D        | Killed Geryon
  8595 | D        | Noticed a lich
  8596 | D        | Killed Lom Lobon
  8599 | D        | Killed a lich
  8741 | D        | Noticed an ancient lich
  8743 | D        | Noticed a tentacled monstrosity
  8744 | D        | Killed an ancient lich
  8745 | D        | Noticed a tentacled monstrosity
  8746 | D        | Killed a tentacled monstrosity
  8746 | D        | Identified Sif Muna's Collected Works on Dark Ignition (Sif
                  | Muna gifted it to you in the Dungeon)
  8746 | D        | Received a gift from Sif Muna
  8749 | D        | Killed a tentacled monstrosity
  8935 | D        | Noticed a pearl dragon
  8939 | D        | Killed a pearl dragon
  9206 | D        | Noticed Ymanal the pandemonium lord
  9209 | D        | Killed Ymanal the pandemonium lord
  9210 | D        | Reached XP level 18. HP: 87/115 MP: 22/44
  9285 | D        | Noticed a Brimstone Fiend
  9295 | D        | Killed a Brimstone Fiend
  9576 | D        | Noticed a hellephant
  9579 | D        | Killed a hellephant
  9580 | D        | Reached skill level 10 in Polearms
  9764 | D        | Noticed a Hell Sentinel
  9764 | D        | Noticed a Killer Klown
  9769 | D        | Identified Apsur's Tome of Hurtful Ice (Sif Muna gifted it
                  | to you in the Dungeon)
  9769 | D        | Received a gift from Sif Muna
  9772 | D        | Killed a Hell Sentinel
  9772 | D        | Killed a Killer Klown
  9960 | D        | Noticed an ancient lich
  9962 | D        | Killed an ancient lich
  9963 | D        | Reached skill level 15 in Fighting
  9967 | D        | Noticed a titan
  9969 | D        | Killed a titan
 10081 | D        | Noticed a Brimstone Fiend
 10081 | D        | Noticed the 27-headed Lernaean hydra
 10084 | D        | Killed the 27-headed Lernaean hydra
 10085 | D        | Killed a Brimstone Fiend
 10168 | D        | Noticed an ancient lich
 10171 | D        | Killed an ancient lich
 10245 | D        | Identified the +4 dragonskin cloak
 10245 | D        | Noticed Tiamat
 10254 | D        | Killed Tiamat
 10467 | D        | Noticed a pearl dragon
 10467 | D        | Noticed a pearl dragon
 10470 | D        | Killed a pearl dragon
 10474 | D        | Killed a pearl dragon
 10727 | D        | Noticed a royal mummy
 10730 | D        | Killed a royal mummy
 10731 | D        | Reached XP level 19. HP: 97/127 MP: 23/47
 10830 | D        | Noticed an electric golem
 10832 | D        | Killed an electric golem
 10836 | D        | Noticed Ereshkigal
 10838 | D        | Reached skill level 27 in Earth Magic
 10839 | D        | Noticed a curse toe
 10841 | D        | Killed Ereshkigal
 10841 | D        | Noticed an ancient lich
 10842 | D        | Reached skill level 27 in Conjurations
 10842 | D        | Noticed a pearl dragon
 10843 | D        | Killed an ancient lich
 10843 | D        | Killed a curse toe
 10846 | D        | Killed a pearl dragon
 10998 | D        | Noticed an orb of fire
 11000 | D        | Killed an orb of fire
 11088 | D        | Found the +8 frozen axe "Frostbite" {freezing cloud, *Noise
                  | +Fly rC+}
 11131 | D        | Got the amulet "Tuvara" {Reflect Str-3 Dex+9 SH+5}
 11134 | D        | Got the amulet "Muwysasi" {RegenMP +Blink rC+ rN+ SInv}
 11136 | D        | Got the ring of the Sky {Dex+4 SInv}
 11138 | D        | Got the ring "Tasyang" {+Fly rC+ Int+4}
 11140 | D        | Got the ring of Sif Muna's Inspiration {rN+ Dex+4}
 11156 | D        | Got an iron rune of Zot
 11158 | D        | Got the ring "Pairr" {rPois rF+ EV+4 Str-4 Int+6}
 11160 | D        | Got the ring of the Fiend {Ice Dex+3}
 11166 | D        | Got the ring "Qafiesk" {*Drain rC+++ Str-4 Dex+6 Stlth+}
 11168 | D        | Got the amulet of the Peculiar Seers {Acrobat rC+ Str+3
                  | Stlth-}
 11171 | D        | Got the amulet "Ytzyjoog" {Reflect rElec rC+ Dex+4 SH+5}
 11242 | D        | Noticed a royal mummy
 11245 | D        | Killed a royal mummy
 11356 | D        | Noticed a pearl dragon
 11358 | D        | Killed a pearl dragon
 11359 | D        | Reached skill level 5 in Long Blades
 11409 | D        | Noticed an electric golem
 11411 | D        | Killed an electric golem
 11462 | D        | Noticed a Tzitzimitl
 11465 | D        | Killed a Tzitzimitl
 11466 | D        | Reached skill level 27 in Fire Magic
 11468 | D        | Noticed a tentacled monstrosity
 11470 | D        | Killed a tentacled monstrosity
 11928 | D        | Noticed a curse toe
 11931 | D        | Reached skill level 15 in Armour
 11936 | D        | Noticed a curse toe
 11941 | D        | Reached XP level 20. HP: 112/145 MP: 26/50
 11943 | D        | Killed a curse toe
 11949 | D        | Killed a curse toe
 11950 | D        | Reached skill level 10 in Long Blades
 11950 | D        | Reached skill level 15 in Shields
 11954 | D        | Reached skill level 27 in Spellcasting
 12299 | D        | Noticed a Tzitzimitl
 12301 | D        | Noticed Dissolution
 12301 | D        | Killed a Tzitzimitl
 12304 | D        | Noticed a golden dragon
 12304 | D        | Noticed Mara
 12305 | D        | Reached skill level 15 in Dodging
 12305 | D        | Killed a golden dragon
 12305 | D        | Killed Dissolution
 12310 | D        | Noticed an electric golem
 12322 | D        | Noticed rocky1's illusion
 12325 | D        | Killed an electric golem
 12341 | D        | Killed Mara
 12381 | D        | Got the ring "Texazaur" {*Contam rC+ MP+9 SInv}
 12383 | D        | Got the ring of the Lily {rF+ Will+ Slay+3 SInv Stlth+}
 12385 | D        | Got the ring of the Cicada {Str+6 Int+6}
 12387 | D        | Got the ring of Obbe Mue {+Fly Int+3 Dex+6}
 12389 | D        | Got the ring of Okawaru's Approval {rPois rF+ rC+ Stlth-}
 12391 | D        | Got the amulet of Mimmeiliv {Acrobat rC++}
 12393 | D        | Got the ring "Nifraobb" {+Fly rC+++ Int+2}
 12395 | D        | Got the ring of Jeephuol {*Corrode rF+ Int+7 Dex+4}
 12555 | D        | Found the ring of Robustness {AC+8}
 12556 | D        | Reached skill level 1 in Translocations
 12557 | D        | Reached skill level 5 in Translocations
 12557 | D        | Reached skill level 15 in Invocations
 12557 | D        | Reached XP level 21. HP: 159/159 MP: 33/52
 12655 | D        | Reached skill level 10 in Translocations
 12678 | D        | Identified the +8 broad axe of the Old World {pain, *Slow
                  | Int+4} (You took it off a frost giant in the Dungeon)
 12678 | D        | Identified the ring of the Vanishing Wonders {Ice rPois
                  | Int+4 Dex+2} (You took it off a fire giant in the Dungeon)
 12703 | D        | Reached skill level 27 in Fighting
 13072 | D        | Got a golden rune of Zot
 13475 | D        | Got the ring of Ylisueh {rC+ rN+}
 13576 | D        | Noticed Louise
 13576 | D        | Noticed a profane servitor
 13578 | D        | Reached skill level 27 in Armour
 13583 | D        | Killed a profane servitor
 13584 | D        | Killed Louise
 13584 | D        | Killed Frederick
 13585 | D        | Reached XP level 22. HP: 136/169 MP: 16/53
 13842 | D        | Noticed Oziq the pandemonium lord
 13846 | D        | Killed Boris
 13846 | D        | Killed Oziq the pandemonium lord
 13877 | D        | Reached skill level 27 in Shields
 14157 | D        | Noticed a royal mummy
 14159 | D        | Noticed Hephib the pandemonium lord
 14160 | D        | Killed a royal mummy
 14166 | D        | Killed Hephib the pandemonium lord
 14167 | D        | Noticed a Killer Klown
 14172 | D        | Noticed a royal mummy
 14179 | D        | Killed a royal mummy
 14179 | D        | Killed a Killer Klown
 14180 | D        | Reached skill level 27 in Dodging
 14520 | D        | Noticed a royal mummy
 14523 | D        | Killed a royal mummy
 14526 | D        | Noticed a royal mummy
 14530 | D        | Noticed Murray
 14531 | D        | Killed a royal mummy
 14532 | D        | Reached XP level 23. HP: 131/175 MP: 6/54
 14532 | D        | Noticed Xtahua
 14533 | D        | Killed Xtahua
 14534 | D        | Reached skill level 27 in Stealth
 14537 | D        | Killed Murray
 14537 | D        | Killed Fuuhurghu the pandemonium lord
 14538 | D        | Reached skill level 5 in Transmutations
 14821 | D        | Reached skill level 10 in Ice Magic
 15150 | D        | Got the Orb of Zot
 15339 | D        | Reached skill level 10 in Transmutations
 15346 | D        | Escaped with the Orb!

Illustrated notes

Levels and vault maps discovered:
D:        pitsprint [storerooms_1, entrance_room_1, metal_vault_6, armoury_1,
          mini_pit_1, grid_room_1, main_hall_1, silver_pit, the_coven_1,
          the_vestibule_1, steel_vault_4, golden_pit, hallway_of_sentries,
          crystal_vault_2, iron_vault_2, final_vault]

Skill      XL: |  1  2  3  4  5  6  7  8  9 10 11 12 13 14 15 16 17 18 19 20 21 22 23 |
---------------+----------------------------------------------------------------------+-----
Earth Magic    | 5 8 11 13 16 17 18 19 21 22 23 26 27 | 27.0
Spellcasting   | 5 6 8 9 10 11 12 14 15 17 19 22 24 26 27 | 27.0
Dodging        | 4 6 7 9 10 12 13 17 20 27 | 27.0
Conjurations   | 4 7 9 11 14 15 17 21 24 26 27 | 27.0
Invocations    | 4 7 9 10 11 13 15 18 20 | 20.9
Fighting       | 3 8 9 11 13 16 22 25 27 | 27.0
Maces & Flails | 3 7 8 10 12 | 12.3
Armour         | 3 8 9 11 14 16 22 27 | 27.0
Fire Magic     | 5 9 12 13 15 19 22 24 27 | 27.0
Shields        | 7 13 14 19 24 27 | 27.0
Polearms       | 9 11 | 11.0
Staves         | 8 |  8.9
Long Blades    | 8 12 | 12.0
Translocations | 5 11 14 | 14.9
Stealth        | 26 27 | 27.0
Transmutations | 10 | 10.0
Ice Magic      | 11 | 11.6

Action                   |  1- 3 |  4- 6 |  7- 9 | 10-12 | 13-15 | 16-18 | 19-21 | 22-24 || total
-------------------------+-------+-------+-------+-------+-------+-------+-------+-------++-------
Melee: Mace              |    10 |    27 |       |       |       |       |       |       ||    37
       Morningstar       |       |       |       |    17 |     2 |       |       |       ||    19
       Staff             |       |       |       |       |     9 |     7 |    90 |    26 ||   132
 Cast: Sandblast         |     9 |     6 |       |     2 |       |       |       |       ||    17
       Lee's Rapid Decon |       |       |    23 |    75 |   142 |    90 |    63 |    19 ||   412
       Lehudib's Crystal |       |       |       |     3 |       |    37 |    19 |     7 ||    66
       Fireball          |       |       |       |       |     1 |     1 |       |     1 ||     3
       Fire Storm        |       |       |       |       |       |     4 |    28 |    36 ||    68
       Iron Shot         |       |       |       |       |       |       |     4 |     2 ||     6
Invok: Channel Magic     |       |       |     2 |     5 |    16 |     5 |     8 |     7 ||    43
       Divine Exegesis   |       |       |       |     3 |       |     4 |       |       ||     7
  Use: Potion            |     1 |     1 |       |     2 |     6 |    12 |     1 |     3 ||    26
       Scroll            |       |       |       |       |     6 |     7 |     2 |       ||    15
Armor: Robe              |    11 |       |       |       |     5 |    31 |    26 |    21 ||    94
       Ring mail         |     1 |    34 |     8 |    29 |    40 |       |       |       ||   112
Dodge: Dodged            |    19 |    10 |     1 |    50 |    44 |    29 |    73 |    32 ||   258
Block: Other             |       |       |       |     2 |    10 |     8 |       |       ||    20
       Reflection        |       |       |       |       |       |     2 |     6 |     1 ||     9
       Buckler           |       |       |       |       |       |    10 |    35 |       ||    45
       Tower shield      |       |       |       |       |       |       |     5 |    53 ||    58

Table legend: (Time is in decaauts) A = Elapsed time spent in this place. B = Non-inter-level travel time spent in this place. C = Inter-level travel time spent in this place. D = Time resting spent in this place. E = Time spent auto-exploring this place. F = Levels seen in this place. G = Mean time per level. A B C D E F G +--------+--------+--------+--------+--------+-----+--------+ Total | 15075 | 14909 | 166 | 9883 | 0 | 1 | 15075.0 | Dungeon | 15075 | 14909 | 166 | 9883 | 0 | 1 | 15075.0 | +--------+--------+--------+--------+--------+-----+--------+

Top non-repeatable levels by time:
       D: 15075 daAuts
